General information
- name: BNet
- type: Ladder team game (AT/RT)
- host: Battle.net
- saver: TUG-ON-ME
map: FullScaleAssault
- players: 8
- length: 95:30
- speed: Fast
- version: 1.26 W3XP
- replay type: Public
» download(458 KB)
Players
team 1 (winner)
ducheb4ilik (
red | 40 APM | 3836 actions | 95:30)
6 Blademaster
1 Wind Walk
2 Mirror Image
2 Critical Strike
1 Bladestorm
4 Shadow Hunter
2 Healing Wave
2 Hex
6 Tauren Chieftain
3 War Stomp
3 Endurance Aura
» actions
| Assign group hotkey | 22 | |
| Basic commands | 8 | |
| Build / train | 120 | |
| Enter build submenu | 32 | |
| Enter hero's abilities submenu | 17 | |
| Give item / drop item | 18 | |
| Right click | 1495 | |
| Select / deselect | 499 | |
| Select group hotkey | 1220 | |
| Use ability | 405 | |
3836 total
» units
| Peon | 18 | |
| Spirit Walker | 8 | |
| Troll Witch Doctor | 5 | |
| Tauren | 10 | |
| Goblin Zeppelin | 2 | |
43 total
» upgrades
| Pillage | 1 | |
| Witch Doctor Training | 2 | |
| Armor | 3 | |
| Pulverize | 1 | |
| Melee Weapons | 3 | |
| Spirit Walker Training | 2 | |
12 total
» buildings
| Altar of Storms | 2 | |
| Orc Burrow | 17 | |
| War Mill | 2 | |
| Stronghold | 1 | |
| Barracks | 1 | |
| Watch Tower | 2 | |
| Voodoo Lounge | 1 | |
| Fortress | 1 | |
| Spirit Lodge | 1 | |
| Tauren Totem | 2 | |
| Great Hall | 3 | |
33 total
» build order
00:08 Altar of Storms
00:11 Orc Burrow
00:44 War Mill
02:06 Stronghold
02:22 Barracks
02:33 Orc Burrow
02:41 Watch Tower
02:48 Voodoo Lounge
04:10 Watch Tower
04:15 Orc Burrow
04:34 Fortress
05:24 Spirit Lodge
06:27 Orc Burrow
07:16 Tauren Totem
09:13 Tauren Totem
13:15 Orc Burrow
14:16 Orc Burrow
24:56 Great Hall
24:59 Orc Burrow
37:12 Great Hall
37:15 War Mill
37:20 Orc Burrow
37:22 Orc Burrow
37:25 Orc Burrow
40:32 Orc Burrow
40:35 Orc Burrow
41:09 Altar of Storms
41:43 Orc Burrow
41:46 Orc Burrow
41:58 Great Hall
44:59 Orc Burrow
45:35 Orc Burrow
49:21 Orc Burrow
» items
| Boots of Speed | 3 | |
| Lesser Clarity Potion | 6 | |
| Circlet of Nobility | 2 | |
| Potion of Lesser Invulnerability | 5 | |
| Healing Salve | 2 | |
| Scroll of Town Portal | 9 | |
| Orb of Lightning | 1 | |
| Scroll of Speed | 1 | |
| Scroll of Protection | 3 | |
| Orb of Fire | 1 | |
| Potion of Mana | 2 | |
| Scroll of Healing | 2 | |
| Periapt of Vitality | 2 | |
| Scroll of Regeneration | 2 | |
41 total
JOTHAB (
teal | 66 APM | 569 actions | 08:40)
3 Archmage
2 Summon Water Elemental
1 Brilliance Aura
1 Paladin
1 Divine Shield
» actions
| Assign group hotkey | 95 | |
| Basic commands | 1 | |
| Build / train | 34 | |
| Enter build submenu | 11 | |
| Enter hero's abilities submenu | 4 | |
| Remove unit from queue | 1 | |
| Right click | 201 | |
| Select / deselect | 167 | |
| Select group hotkey | 34 | |
| Use ability | 21 | |
569 total
» units
| Peasant | 12 | |
| Footman | 4 | |
| Rifleman | 6 | |
| Goblin Shredder | 1 | |
23 total
» upgrades
» buildings
| Altar of Kings | 1 | |
| Barracks | 2 | |
| Farm | 6 | |
| Arcane Vault | 1 | |
| Blacksmith | 1 | |
| Town Hall | 1 | |
| Lumber Mill | 1 | |
| Keep | 1 | |
14 total
» build order
00:50 Altar of Kings
00:52 Barracks
01:11 Farm
01:12 Farm
01:12 Farm
02:19 Farm
02:49 Arcane Vault
02:53 Blacksmith
04:31 Town Hall
04:37 Farm
04:58 Lumber Mill
06:13 Keep
06:32 Barracks
08:11 Farm
CoatSpin (
pink | 46 APM | 4412 actions | 95:30)
6 Paladin
3 Holy Light
1 Devotion Aura
1 Resurrection
1 Divine Shield
» actions
| Assign group hotkey | 82 | |
| Basic commands | 193 | |
| Build / train | 183 | |
| ESC pressed | 9 | |
| Enter build submenu | 142 | |
| Enter hero's abilities submenu | 7 | |
| Give item / drop item | 10 | |
| Remove unit from queue | 1 | |
| Right click | 1736 | |
| Select / deselect | 614 | |
| Select group hotkey | 964 | |
| Use ability | 471 | |
4412 total
» units
| Peasant | 35 | |
| Blue Drake | 1 | |
| Blue Dragon Whelp | 1 | |
| Goblin Zeppelin | 2 | |
| Blue Dragon | 1 | |
40 total
» upgrades
| Masonry | 3 | |
| Lumber Harvesting | 2 | |
| Magic Sentry | 1 | |
| Swords | 3 | |
| Armor | 4 | |
| Gunpowder | 3 | |
| Plating | 3 | |
| Barrage | 1 | |
| Backpack | 1 | |
21 total
» buildings
| Altar of Kings | 1 | |
| Farm | 3 | |
| Scout Tower | 250 | |
| Lumber Mill | 3 | |
| Arcane Tower | 5 | |
| Guard Tower | 73 | |
| Keep | 3 | |
| Town Hall | 8 | |
| Arcane Vault | 3 | |
| Castle | 2 | |
| Arcane Sanctum | 1 | |
| Blacksmith | 2 | |
| Workshop | 1 | |
| Cannon Tower | 6 | |
361 total
» build order
00:25 Altar of Kings
00:36 Farm
01:18 Farm
01:37 Scout Tower
01:51 Lumber Mill
01:59 Scout Tower
02:02 Scout Tower
02:06 Scout Tower
02:15 Arcane Tower
02:42 Scout Tower
02:43 Arcane Tower
02:48 Arcane Tower
02:58 Scout Tower
03:05 Farm
03:12 Scout Tower
03:16 Guard Tower
03:21 Scout Tower
03:32 Guard Tower
03:38 Scout Tower
03:42 Guard Tower
03:46 Scout Tower
03:54 Scout Tower
04:01 Guard Tower
04:03 Scout Tower
04:08 Scout Tower
04:09 Guard Tower
04:18 Guard Tower
04:24 Guard Tower
04:28 Scout Tower
04:34 Arcane Tower
04:40 Scout Tower
04:44 Guard Tower
04:51 Guard Tower
04:59 Scout Tower
05:06 Scout Tower
05:32 Keep
05:43 Scout Tower
06:03 Scout Tower
06:13 Scout Tower
06:19 Town Hall
06:21 Scout Tower
06:23 Scout Tower
06:36 Scout Tower
06:56 Scout Tower
06:57 Guard Tower
07:05 Guard Tower
07:09 Scout Tower
07:22 Guard Tower
07:25 Guard Tower
07:31 Scout Tower
07:38 Scout Tower
07:48 Guard Tower
08:06 Scout Tower
08:09 Scout Tower
08:13 Guard Tower
08:30 Guard Tower
08:39 Scout Tower
08:40 Scout Tower
09:14 Arcane Vault
09:20 Scout Tower
09:21 Scout Tower
09:23 Guard Tower
09:42 Arcane Vault
09:45 Castle
09:52 Town Hall
09:54 Guard Tower
09:56 Guard Tower
10:26 Scout Tower
11:01 Scout Tower
11:02 Guard Tower
11:11 Scout Tower
11:12 Scout Tower
11:34 Scout Tower
11:35 Scout Tower
11:35 Scout Tower
11:36 Scout Tower
11:37 Scout Tower
11:37 Scout Tower
11:38 Scout Tower
11:39 Scout Tower
12:06 Guard Tower
12:15 Scout Tower
12:16 Scout Tower
12:17 Scout Tower
13:37 Guard Tower
13:40 Scout Tower
13:41 Scout Tower
13:42 Scout Tower
13:43 Scout Tower
13:43 Scout Tower
13:48 Arcane Sanctum
13:50 Blacksmith
15:15 Guard Tower
15:53 Workshop
15:56 Guard Tower
16:09 Scout Tower
16:09 Scout Tower
16:36 Town Hall
16:55 Lumber Mill
17:43 Guard Tower
17:48 Cannon Tower
17:58 Cannon Tower
18:01 Guard Tower
18:54 Cannon Tower
18:59 Cannon Tower
20:28 Cannon Tower
20:29 Guard Tower
22:29 Scout Tower
22:31 Scout Tower
22:31 Scout Tower
22:33 Scout Tower
22:33 Scout Tower
23:28 Town Hall
23:29 Scout Tower
23:30 Scout Tower
23:30 Scout Tower
23:31 Scout Tower
23:31 Scout Tower
23:31 Scout Tower
23:32 Scout Tower
23:32 Scout Tower
23:33 Scout Tower
23:33 Scout Tower
23:33 Scout Tower
23:33 Scout Tower
23:34 Scout Tower
23:35 Scout Tower
23:39 Guard Tower
24:32 Guard Tower
25:27 Scout Tower
25:27 Scout Tower
25:30 Scout Tower
25:31 Scout Tower
25:32 Scout Tower
25:35 Scout Tower
25:36 Scout Tower
25:36 Scout Tower
25:36 Scout Tower
25:42 Scout Tower
25:45 Scout Tower
25:46 Scout Tower
25:47 Scout Tower
25:50 Guard Tower
26:28 Guard Tower
26:34 Cannon Tower
27:33 Scout Tower
27:34 Scout Tower
27:36 Scout Tower
27:37 Scout Tower
27:41 Scout Tower
28:14 Scout Tower
28:19 Scout Tower
28:20 Scout Tower
28:22 Guard Tower
28:24 Keep
29:03 Scout Tower
29:04 Scout Tower
29:04 Scout Tower
29:07 Scout Tower
29:32 Guard Tower
29:37 Guard Tower
30:17 Town Hall
31:14 Scout Tower
31:15 Scout Tower
31:16 Scout Tower
31:16 Scout Tower
31:18 Scout Tower
31:18 Scout Tower
31:19 Scout Tower
31:19 Scout Tower
31:20 Scout Tower
31:21 Scout Tower
31:21 Scout Tower
31:41 Scout Tower
31:41 Scout Tower
31:42 Scout Tower
31:42 Scout Tower
31:43 Scout Tower
31:43 Scout Tower
31:44 Scout Tower
31:44 Scout Tower
31:44 Scout Tower
31:45 Scout Tower
31:53 Scout Tower
31:54 Scout Tower
31:55 Scout Tower
31:56 Scout Tower
31:56 Scout Tower
32:02 Guard Tower
32:15 Scout Tower
32:16 Scout Tower
32:16 Scout Tower
32:18 Scout Tower
32:35 Guard Tower
32:49 Guard Tower
32:55 Town Hall
33:13 Scout Tower
33:15 Guard Tower
33:19 Scout Tower
33:22 Scout Tower
33:22 Scout Tower
33:23 Scout Tower
33:24 Scout Tower
33:27 Scout Tower
33:28 Scout Tower
33:28 Scout Tower
33:41 Town Hall
33:43 Guard Tower
33:53 Guard Tower
34:00 Guard Tower
34:03 Scout Tower
34:04 Scout Tower
34:04 Scout Tower
34:05 Scout Tower
34:05 Scout Tower
34:06 Scout Tower
34:06 Scout Tower
34:07 Scout Tower
34:07 Scout Tower
34:07 Scout Tower
34:08 Scout Tower
34:08 Scout Tower
34:08 Scout Tower
34:08 Scout Tower
34:09 Scout Tower
34:09 Scout Tower
34:12 Guard Tower
35:32 Guard Tower
35:38 Guard Tower
35:46 Lumber Mill
35:54 Guard Tower
36:03 Guard Tower
36:26 Guard Tower
36:32 Guard Tower
36:46 Guard Tower
38:21 Scout Tower
38:22 Scout Tower
38:22 Scout Tower
38:22 Scout Tower
38:23 Scout Tower
38:24 Scout Tower
38:25 Scout Tower
40:47 Scout Tower
40:48 Scout Tower
40:48 Scout Tower
40:48 Scout Tower
40:49 Scout Tower
41:05 Guard Tower
41:15 Guard Tower
41:15 Guard Tower
41:15 Guard Tower
41:28 Arcane Vault
41:30 Scout Tower
41:31 Scout Tower
41:31 Scout Tower
41:32 Scout Tower
41:32 Scout Tower
41:34 Arcane Tower
42:04 Scout Tower
42:06 Scout Tower
42:07 Guard Tower
42:16 Town Hall
42:19 Scout Tower
42:20 Scout Tower
42:20 Scout Tower
42:20 Scout Tower
42:20 Scout Tower
42:23 Guard Tower
42:45 Guard Tower
42:48 Scout Tower
42:48 Scout Tower
42:49 Scout Tower
42:51 Scout Tower
42:52 Scout Tower
42:54 Scout Tower
42:55 Scout Tower
43:00 Scout Tower
43:01 Scout Tower
43:01 Scout Tower
43:04 Guard Tower
43:07 Scout Tower
43:10 Scout Tower
43:14 Scout Tower
43:15 Scout Tower
43:17 Scout Tower
43:19 Guard Tower
43:32 Keep
43:34 Castle
45:11 Scout Tower
45:12 Guard Tower
45:37 Guard Tower
47:32 Guard Tower
47:37 Guard Tower
47:50 Guard Tower
47:58 Scout Tower
47:59 Scout Tower
48:03 Scout Tower
48:05 Scout Tower
48:06 Scout Tower
48:07 Scout Tower
48:09 Scout Tower
48:57 Guard Tower
49:27 Guard Tower
49:56 Guard Tower
56:19 Scout Tower
56:20 Scout Tower
56:20 Scout Tower
56:21 Scout Tower
56:21 Scout Tower
56:22 Scout Tower
56:23 Scout Tower
56:23 Scout Tower
56:23 Scout Tower
56:24 Scout Tower
56:24 Scout Tower
56:25 Scout Tower
56:36 Scout Tower
56:38 Scout Tower
56:38 Scout Tower
56:38 Scout Tower
56:39 Scout Tower
56:39 Scout Tower
56:39 Scout Tower
56:39 Scout Tower
56:40 Scout Tower
56:45 Scout Tower
56:53 Guard Tower
57:08 Guard Tower
57:20 Guard Tower
57:24 Guard Tower
58:19 Guard Tower
58:24 Guard Tower
58:43 Guard Tower
76:54 Blacksmith
» items
| Boots of Speed | 1 | |
| Staff of Teleportation | 1 | |
| Orb of Fire | 1 | |
| Lesser Clarity Potion | 4 | |
| Scroll of Regeneration | 4 | |
| Potion of Healing | 6 | |
| Potion of Mana | 4 | |
| Potion of Invisibility | 3 | |
| Scroll of Healing | 1 | |
25 total
New_new (
purple | 54 APM | 4086 actions | 75:05)
6 Firelord
3 Summon Lava Spawn
2 Incinerate
1 Volcano
5 Naga Sea Witch
3 Forked Lightning
2 Mana Shield
3 Archmage
2 Brilliance Aura
1 Mass Teleport
» actions
| Assign group hotkey | 62 | |
| Build / train | 154 | |
| Enter build submenu | 42 | |
| Enter hero's abilities submenu | 15 | |
| Give item / drop item | 10 | |
| Remove unit from queue | 20 | |
| Right click | 1318 | |
| Select / deselect | 1027 | |
| Select group hotkey | 1262 | |
| Use ability | 173 | |
4086 total
» units
| Peasant | 6 | |
| Gryphon Rider | 20 | |
| Goblin Shredder | 1 | |
| Mortar Team | 14 | |
| Sorceress | 11 | |
| Rifleman | 1 | |
| Dragonhawk Rider | 5 | |
| Siege Engine | 8 | |
66 total
» upgrades
| Swords | 3 | |
| Armor | 5 | |
| Lumber Harvesting | 1 | |
| Storm Hammers | 1 | |
| Gunpowder | 3 | |
| Flare | 1 | |
| Fragmentation Shards | 1 | |
| Sorceress Training | 1 | |
| Cloud | 0 | |
| Barrage | 1 | |
| Plating | 1 | |
18 total
» buildings
| Altar of Kings | 2 | |
| Lumber Mill | 1 | |
| Farm | 21 | |
| Keep | 2 | |
| Arcane Vault | 1 | |
| Blacksmith | 1 | |
| Castle | 3 | |
| Gryphon Aviary | 2 | |
| Workshop | 5 | |
| Arcane Sanctum | 2 | |
| Town Hall | 1 | |
41 total
» build order
00:24 Altar of Kings
00:41 Lumber Mill
00:53 Farm
02:19 Keep
03:43 Farm
03:58 Arcane Vault
04:03 Blacksmith
04:25 Farm
04:46 Castle
05:44 Farm
06:57 Farm
08:12 Gryphon Aviary
08:46 Castle
09:50 Gryphon Aviary
10:37 Workshop
10:39 Workshop
11:31 Farm
13:07 Farm
13:33 Arcane Sanctum
13:37 Arcane Sanctum
13:56 Farm
14:01 Farm
14:04 Farm
14:07 Farm
16:30 Farm
16:43 Farm
17:14 Farm
17:35 Farm
17:59 Farm
25:40 Farm
26:34 Farm
29:36 Farm
38:50 Town Hall
39:30 Keep
44:21 Castle
53:21 Workshop
53:25 Workshop
54:46 Workshop
57:16 Altar of Kings
58:40 Farm
68:44 Farm
» items
| Scroll of Regeneration | 4 | |
| Potion of Healing | 5 | |
| Potion of Mana | 9 | |
| Orb of Fire | 2 | |
| Scroll of Town Portal | 4 | |
| Boots of Speed | 2 | |
| Lesser Clarity Potion | 2 | |
| Dust of Appearance | 1 | |
| Staff of Teleportation | 2 | |
| Potion of Lesser Invulnerability | 1 | |
32 total
team 2 (loser)

»
MyNameCuey (
blue | 52 APM | 2622 actions | 50:15)
10 Demon Hunter
3 Evasion
3 Mana Burn
1 Metamorphosis
3 Immolation
» actions
| Assign group hotkey | 9 | |
| Build / train | 93 | |
| Enter build submenu | 20 | |
| Enter hero's abilities submenu | 11 | |
| Give item / drop item | 5 | |
| Remove unit from queue | 2 | |
| Right click | 1607 | |
| Select / deselect | 562 | |
| Select group hotkey | 154 | |
| Use ability | 158 | |
2622 total
» units
| Wisp | 31 | |
| Archer | 6 | |
| Druid of the Claw | 24 | |
61 total
» upgrades
| Strength of the Wild | 3 | |
| Reinforced Hides | 3 | |
| Druid of the Claw Training | 2 | |
| Mark of the Claw | 1 | |
| Ultravision | 1 | |
| Well Spring | 1 | |
11 total
» buildings
| Moon Well | 8 | |
| Altar of Elders | 1 | |
| Ancient of War | 1 | |
| Hunter's Hall | 1 | |
| Ancient of Wonders | 1 | |
| Tree of Ages | 1 | |
| Tree of Life | 1 | |
| Tree of Eternity | 1 | |
| Ancient of Lore | 2 | |
| Ancient Protector | 3 | |
20 total
» build order
00:19 Moon Well
00:25 Altar of Elders
00:47 Ancient of War
01:28 Moon Well
02:04 Moon Well
02:58 Hunter's Hall
03:57 Ancient of Wonders
04:20 Tree of Ages
05:04 Tree of Life
05:20 Moon Well
05:24 Moon Well
06:23 Moon Well
06:59 Tree of Eternity
07:05 Ancient of Lore
07:07 Ancient of Lore
11:23 Moon Well
12:12 Moon Well
17:03 Ancient Protector
17:05 Ancient Protector
17:10 Ancient Protector
» items
| Orb of Venom | 1 | |
| Potion of Healing | 1 | |
| Scroll of Town Portal | 2 | |
| Dust of Appearance | 1 | |
| Staff of Teleportation | 1 | |
6 total
TotalTanks (
green | 50 APM | 1764 actions | 35:36)
6 Paladin
2 Holy Light
1 Devotion Aura
2 Divine Shield
1 Resurrection
» actions
| Assign group hotkey | 44 | |
| Basic commands | 48 | |
| Build / train | 113 | |
| Enter build submenu | 58 | |
| Enter hero's abilities submenu | 6 | |
| Give item / drop item | 4 | |
| Remove unit from queue | 2 | |
| Right click | 577 | |
| Select / deselect | 372 | |
| Select group hotkey | 413 | |
| Use ability | 126 | |
1764 total
» units
| Peasant | 26 | |
| Footman | 7 | |
| Mortar Team | 4 | |
| Siege Engine | 18 | |
| Priest | 6 | |
61 total
» upgrades
| Masonry | 2 | |
| Defend | 1 | |
| Gunpowder | 3 | |
| Plating | 3 | |
| Lumber Harvesting | 2 | |
| Barrage | 1 | |
| Priest Training | 2 | |
| Flare | 1 | |
| Fragmentation Shards | 1 | |
| Cloud | 1 | |
| Armor | 1 | |
18 total
» buildings
| Altar of Kings | 1 | |
| Farm | 13 | |
| Barracks | 1 | |
| Lumber Mill | 5 | |
| Scout Tower | 24 | |
| Arcane Tower | 9 | |
| Arcane Vault | 4 | |
| Keep | 1 | |
| Blacksmith | 1 | |
| Workshop | 3 | |
| Town Hall | 2 | |
| Guard Tower | 8 | |
| Cannon Tower | 4 | |
| Castle | 1 | |
| Arcane Sanctum | 1 | |
| Gryphon Aviary | 1 | |
79 total
» build order
00:23 Altar of Kings
00:37 Farm
00:52 Barracks
01:05 Farm
01:35 Lumber Mill
01:46 Farm
02:12 Scout Tower
02:17 Scout Tower
02:48 Arcane Tower
03:02 Arcane Vault
03:20 Arcane Tower
03:33 Keep
03:48 Arcane Vault
04:24 Blacksmith
05:28 Farm
06:26 Workshop
06:29 Farm
06:37 Scout Tower
06:38 Scout Tower
06:58 Workshop
07:02 Scout Tower
07:20 Town Hall
07:22 Scout Tower
07:24 Scout Tower
07:31 Arcane Tower
07:40 Guard Tower
07:45 Arcane Tower
07:59 Guard Tower
08:34 Scout Tower
08:35 Scout Tower
08:52 Workshop
09:02 Cannon Tower
09:05 Scout Tower
09:18 Arcane Tower
09:55 Castle
10:19 Arcane Tower
10:42 Scout Tower
11:02 Guard Tower
11:04 Scout Tower
11:06 Scout Tower
11:10 Scout Tower
11:11 Scout Tower
11:35 Arcane Sanctum
12:15 Cannon Tower
12:19 Scout Tower
12:20 Scout Tower
12:25 Guard Tower
12:28 Arcane Vault
12:31 Scout Tower
12:51 Guard Tower
13:20 Farm
13:22 Farm
13:25 Farm
13:40 Cannon Tower
14:11 Arcane Tower
14:16 Scout Tower
14:53 Farm
17:11 Farm
17:12 Farm
17:22 Cannon Tower
17:24 Scout Tower
17:53 Lumber Mill
17:55 Arcane Vault
18:08 Guard Tower
18:18 Lumber Mill
18:38 Farm
20:03 Gryphon Aviary
20:07 Lumber Mill
20:10 Farm
20:51 Scout Tower
21:51 Scout Tower
26:00 Guard Tower
29:27 Town Hall
29:29 Scout Tower
29:31 Scout Tower
30:08 Arcane Tower
30:16 Guard Tower
30:39 Arcane Tower
34:05 Lumber Mill
» items
| Scroll of Regeneration | 2 | |
| Scroll of Town Portal | 1 | |
3 total
TUG-ON-ME (
orange | 65 APM | 6191 actions | 95:30)
10 Blademaster
3 Wind Walk
3 Critical Strike
1 Bladestorm
3 Mirror Image
1 Paladin
1 Holy Light
» actions
| Assign group hotkey | 70 | |
| Basic commands | 199 | |
| Build / train | 112 | |
| Enter build submenu | 38 | |
| Enter hero's abilities submenu | 11 | |
| Give item / drop item | 9 | |
| Remove unit from queue | 3 | |
| Right click | 2734 | |
| Select / deselect | 569 | |
| Select group hotkey | 1962 | |
| Use ability | 484 | |
6191 total
» units
| Peon | 25 | |
| Grunt | 6 | |
| Goblin Shredder | 7 | |
| Goblin Zeppelin | 4 | |
| Blue Dragon | 1 | |
| Wind Rider | 4 | |
| Troll Batrider | 4 | |
| Shaman | 2 | |
| Spirit Walker | 1 | |
54 total
» upgrades
| Ranged Weapons | 3 | |
| Armor | 3 | |
| Reinforced Defenses | 1 | |
| Envenomed Spears | 1 | |
| Melee Weapons | 3 | |
| Ensnare | 1 | |
| Shaman Training | 1 | |
13 total
» buildings
| Altar of Storms | 1 | |
| Orc Burrow | 11 | |
| Barracks | 1 | |
| Voodoo Lounge | 1 | |
| Stronghold | 3 | |
| War Mill | 2 | |
| Great Hall | 3 | |
| Beastiary | 10 | |
| Watch Tower | 64 | |
| Fortress | 4 | |
| Spirit Lodge | 2 | |
102 total
» build order
00:10 Altar of Storms
00:22 Orc Burrow
00:37 Barracks
01:21 Orc Burrow
01:56 Voodoo Lounge
02:59 Stronghold
03:48 War Mill
04:20 Orc Burrow
04:56 Great Hall
06:14 Beastiary
06:15 Beastiary
07:04 Orc Burrow
08:06 Watch Tower
08:06 Watch Tower
08:07 Watch Tower
08:09 Watch Tower
08:09 Watch Tower
08:10 Watch Tower
08:12 Watch Tower
08:30 Fortress
08:30 Fortress
09:01 Great Hall
09:18 Great Hall
10:07 Watch Tower
10:11 Watch Tower
10:12 Watch Tower
10:42 Watch Tower
10:42 Watch Tower
10:58 War Mill
12:29 Watch Tower
12:50 Beastiary
12:50 Beastiary
13:52 Watch Tower
13:52 Watch Tower
13:54 Watch Tower
14:49 Watch Tower
14:50 Watch Tower
14:50 Watch Tower
14:51 Watch Tower
14:54 Watch Tower
14:54 Watch Tower
14:55 Watch Tower
14:56 Watch Tower
14:57 Watch Tower
15:27 Watch Tower
15:27 Watch Tower
15:43 Watch Tower
15:44 Watch Tower
15:45 Watch Tower
15:45 Watch Tower
16:56 Orc Burrow
16:56 Orc Burrow
17:09 Beastiary
17:10 Beastiary
18:06 Stronghold
18:14 Orc Burrow
20:49 Watch Tower
20:49 Watch Tower
20:50 Watch Tower
20:51 Watch Tower
20:51 Watch Tower
20:52 Watch Tower
21:50 Fortress
21:50 Fortress
22:19 Watch Tower
22:20 Watch Tower
24:10 Stronghold
26:35 Beastiary
26:36 Beastiary
26:39 Beastiary
26:46 Beastiary
28:35 Spirit Lodge
28:36 Spirit Lodge
32:40 Watch Tower
32:41 Watch Tower
32:41 Watch Tower
32:41 Watch Tower
32:42 Watch Tower
32:42 Watch Tower
32:43 Watch Tower
32:44 Watch Tower
32:44 Watch Tower
32:45 Watch Tower
32:45 Watch Tower
35:47 Watch Tower
35:48 Watch Tower
35:48 Watch Tower
35:48 Watch Tower
35:49 Watch Tower
35:49 Watch Tower
80:00 Orc Burrow
80:01 Orc Burrow
80:01 Orc Burrow
80:02 Orc Burrow
» items
| Healing Salve | 1 | |
| Staff of Teleportation | 1 | |
| Boots of Speed | 1 | |
| Scroll of Town Portal | 9 | |
| Orb of Lightning | 1 | |
| Tiny Great Hall | 1 | |
| Scroll of Healing | 3 | |
| Potion of Lesser Invulnerability | 1 | |
18 total

»
crosthwaite.5 (
yellow | 23 APM | 2193 actions | 95:30)
10 Priestess of the Moon
3 Searing Arrows
3 Trueshot Aura
1 Starfall
3 Scout
» actions
| Build / train | 102 | |
| Enter build submenu | 30 | |
| Enter hero's abilities submenu | 11 | |
| Give item / drop item | 2 | |
| Right click | 1358 | |
| Select / deselect | 597 | |
| Use ability | 93 | |
2193 total
» units
| Wisp | 19 | |
| Archer | 34 | |
| Hippogryph | 18 | |
| Glaive Thrower | 1 | |
72 total
» upgrades
| Strength of the Moon | 3 | |
| Moon Armor | 3 | |
| Improved Bows | 1 | |
| Hippogryph Taming | 1 | |
| Marksmanship | 1 | |
| Strength of the Wild | 3 | |
| Reinforced Hides | 1 | |
| Nature's Blessing | 1 | |
| Vorpal Blades | 1 | |
15 total
» buildings
| Altar of Elders | 1 | |
| Moon Well | 10 | |
| Ancient of War | 3 | |
| Hunter's Hall | 2 | |
| Tree of Ages | 2 | |
| Ancient of Wind | 3 | |
| Tree of Eternity | 1 | |
| Ancient of Wonders | 2 | |
| Tree of Life | 1 | |
| Ancient Protector | 4 | |
29 total
» build order
00:14 Altar of Elders
00:20 Moon Well
00:35 Ancient of War
01:23 Moon Well
02:49 Moon Well
05:04 Moon Well
05:09 Hunter's Hall
05:55 Tree of Ages
08:17 Ancient of Wind
08:20 Ancient of Wind
08:26 Tree of Eternity
10:13 Moon Well
11:29 Moon Well
13:52 Ancient of Wonders
17:25 Moon Well
17:29 Moon Well
18:25 Moon Well
26:21 Tree of Life
26:27 Ancient of War
26:31 Ancient of Wonders
31:28 Tree of Ages
34:08 Ancient of Wind
68:21 Hunter's Hall
70:24 Ancient of War
70:33 Moon Well
73:00 Ancient Protector
73:08 Ancient Protector
73:16 Ancient Protector
73:28 Ancient Protector
» items
Chat log
(00:34 / Allies) MyNameCuey: units?
(00:39 / Allies) TotalTanks: tanks
(00:40 / Allies) TUG-ON-ME: wyverns bats
(00:48 / Allies) crosthwaite.5: hippo riders
(00:53 / Allies) MyNameCuey: i'll go bears then
(00:54 / Allies) TUG-ON-ME: somebody get melee
(00:55 / Allies) TUG-ON-ME: and casters
(01:23 / Allies) MyNameCuey: get shams with the wyv
(02:16 / Allies) TUG-ON-ME: u guys okay if i get shredder? i am alwayslow on wood
(03:07 / Allies) TUG-ON-ME: can one of u tower choke poitns? lets make this fun
(05:09 / Allies) MyNameCuey: ty
(05:20 / Allies) TotalTanks: where you want the towers?
(05:53 / Allies) TUG-ON-ME: preferably mmy side
(05:54 / Allies) TUG-ON-ME: green
(06:39 / Allies) MyNameCuey: pink towered
(06:42 / Allies) TotalTanks: lol
(06:46 / Allies) TotalTanks: getting tanks anyway
(07:21 / Allies) TUG-ON-ME: tower bottom plz green
(07:36 / Allies) TotalTanks: k
(08:25 / Allies) TUG-ON-ME: gold?
(08:40 / All) CoatSpin: is it so hard to get a non shit ISP?
(10:34 / Allies) TUG-ON-ME: more towers green
(12:38 / Allies) TotalTanks: wod pls
(15:15 / Allies) TUG-ON-ME: wood
(15:28 / Allies) MyNameCuey: P
(16:31 / Allies) TUG-ON-ME: lawl
(16:32 / Allies) TUG-ON-ME: oops
(16:48 / Allies) TotalTanks: checj?
(16:55 / Allies) TotalTanks: ill get flare
(17:42 / Allies) crosthwaite.5: ill be rdy in a sec
(17:52 / Allies) TUG-ON-ME: we need siege
(17:53 / Allies) TUG-ON-ME: like glaives
(18:06 / Allies) crosthwaite.5: u got tanks and morts
(18:23 / Allies) MyNameCuey: where are your units?
(18:24 / Allies) MyNameCuey: oj
(18:29 / Allies) TUG-ON-ME: getting them now
(18:45 / Allies) TUG-ON-ME: they hitting
(18:47 / Allies) TUG-ON-ME: our side
(18:48 / Allies) TUG-ON-ME: wait
(19:02 / Allies) TUG-ON-ME: shit
(19:04 / Allies) TotalTanks: tp?
(19:24 / Allies) crosthwaite.5: coming
(19:42 / Allies) TotalTanks: ?
(19:58 / Allies) TotalTanks: ill get cloud
(20:57 / Allies) crosthwaite.5: that is a lot of towers
(21:55 / Allies) crosthwaite.5: we have to go
(23:01 / Allies) MyNameCuey: kill the gryphs
(23:31 / All) TUG-ON-ME: nice purple
(25:06 / Allies) crosthwaite.5: need a heal greeen
(27:45 / Allies) MyNameCuey: UNITS
(27:57 / Allies) crosthwaite.5: thanks oj for killing me
(28:01 / Allies) TUG-ON-ME: misclick
(28:02 / Allies) TUG-ON-ME: sorry
(28:16 / Allies) crosthwaite.5: get that main green
(28:50 / Allies) crosthwaite.5: can anyone pass some gold
(29:02 / Allies) MyNameCuey: OJ CAN I GET SOME GOLD
(29:04 / Allies) MyNameCuey: sorry caps
(29:08 / Allies) TotalTanks: what is orange doing?
(29:12 / Allies) TUG-ON-ME: yes
(29:14 / Allies) TUG-ON-ME: u can get gold
(29:15 / Allies) TUG-ON-ME: how much
(29:22 / Allies) MyNameCuey: as much as you can spare
(29:28 / Allies) MyNameCuey: which is a lot i think seeing how much you have
(29:29 / Allies) MyNameCuey: lol
(29:47 / Allies) MyNameCuey: dude you have 25 k
(29:47 / Allies) MyNameCuey: haha
(29:54 / Allies) TUG-ON-ME: oh sorry
(30:25 / Allies) MyNameCuey: ....
(30:39 / Allies) MyNameCuey: really ?
(31:03 / Allies) MyNameCuey: you trying to throw the game?
(31:08 / Allies) MyNameCuey: you're sittin on 27k
(31:15 / Allies) crosthwaite.5: y you think he killed my units
(31:31 / Allies) TotalTanks: i could use some g
(32:08 / All) TUG-ON-ME: how much gold u got pink
(32:21 / All) CoatSpin: only 2k
(32:24 / All) CoatSpin: been making heaps of towers
(32:27 / All) TUG-ON-ME: really
(32:32 / All) TUG-ON-ME: i got a shitton of towers anad have 30k
(32:59 / Allies) TUG-ON-ME: coming
(32:59 / Allies) TUG-ON-ME: blue
(33:01 / Allies) TUG-ON-ME: hold on
(33:08 / Allies) MyNameCuey: can i get some gold?
(33:27 / Allies) TUG-ON-ME: we
(33:29 / Allies) TUG-ON-ME: hit at blues
(33:29 / Allies) TUG-ON-ME: ok?
(34:40 / Allies) TUG-ON-ME: meet at yellows
(35:35 / Allies) TUG-ON-ME: we have to hit guys
(35:37 / Allies) TUG-ON-ME: ready?
(35:38 / Allies) TUG-ON-ME: we got this
(35:39 / All) ducheb4ilik: gg
(35:56 / Allies) TUG-ON-ME: hit
(37:09 / All) TUG-ON-ME: problem there red?
(40:07 / All) CoatSpin: problem, blue?
(40:14 / All) TUG-ON-ME: my team out of gold
(40:14 / All) MyNameCuey: not really
(41:09 / Allies) TUG-ON-ME: yellow
(41:10 / Allies) TUG-ON-ME: come to me
(42:46 / Allies) TUG-ON-ME: stay eyllow
(44:04 / All) TUG-ON-ME: my team cant even afford an expo lawl
(45:47 / All) CoatSpin: brb bathroom
(46:28 / All) TUG-ON-ME: i ams orry blue an dyellow
(46:39 / All) TUG-ON-ME: purple are u here?
(46:47 / All) TUG-ON-ME: ill make a deal with u purple
(47:01 / All) TUG-ON-ME: if u kill my towers, i wont hit u. sound fair? i won't let my team hit u either
(48:05 / All) TUG-ON-ME: lawl
(48:14 / All) CoatSpin: ok what've I missed
(48:18 / All) TUG-ON-ME: blues dh died
(48:24 / All) CoatSpin: nice
(48:30 / All) TUG-ON-ME: by purple
(49:08 / All) CoatSpin: allright my islands are perched well, come try to kill them ahueahueauheauheauheauhea
(49:25 / Allies) MyNameCuey: red
(49:58 / Allies) MyNameCuey: well i gotta go
(50:01 / Allies) MyNameCuey: good luck
(52:31 / All) TUG-ON-ME: doesnt really amtter
(54:54 / All) TUG-ON-ME: where
(54:55 / All) TUG-ON-ME: ur hero
(54:56 / All) TUG-ON-ME: yellow
(55:14 / All) CoatSpin: blue why do you bother
(55:15 / All) TUG-ON-ME: how do u still have gold pruple
(55:20 / All) TUG-ON-ME: blue left its yelow
(55:21 / All) CoatSpin: i have like twenty ways to get out of a surround
(55:53 / All) TUG-ON-ME: u dirty dogs
(58:52 / All) CoatSpin: btw all the gold on the map is gone now
(58:56 / All) CoatSpin: and im down to 260g
(59:00 / All) TUG-ON-ME: lawl
(59:03 / All) TUG-ON-ME: 20k here
(59:09 / All) CoatSpin: actually no, top right expo is still there
(59:16 / All) TUG-ON-ME: oh yellow has that
(59:17 / All) CoatSpin: and your ally has it
(59:28 / All) TUG-ON-ME: red make urself useful and his top riht
(61:06 / All) TUG-ON-ME: pro
(61:10 / All) CoatSpin: like I said yellow
(61:12 / All) CoatSpin: why do you bother trying
(61:18 / All) CoatSpin: I have twenty ways to escape a surround
(61:59 / All) TUG-ON-ME: red is making himself useful
(62:03 / All) TUG-ON-ME: by wiping out blue nand green
(62:14 / All) CoatSpin: lol wait until its just our perches left
(62:17 / All) CoatSpin: and let the hilarity ensue
(62:25 / All) TUG-ON-ME: i killed my perches off
(62:31 / All) CoatSpin: noooooooo why
(62:57 / All) TUG-ON-ME: so it wouldn't take an hour to kill everything if we needed somebodyt o lose
(63:18 / All) TUG-ON-ME: god
(63:35 / All) TUG-ON-ME: i am comign red
(63:37 / All) TUG-ON-ME: prepare urself
(64:10 / All) TUG-ON-ME: smart purple
(67:09 / All) TUG-ON-ME: puprle and red are so clueless
(67:12 / All) TUG-ON-ME: yellows expo is right there
(67:19 / All) CoatSpin: they're not saying a word
(67:29 / All) New_new: i dont care about expos
(67:47 / All) CoatSpin: lol yellows expo is completely defenseless right now and noone is there to hit it
(69:14 / All) TUG-ON-ME: im surprised i haven't lagged out
(69:18 / All) TUG-ON-ME: i have 2 sec delay
(69:29 / All) ducheb4ilik: and a 2 inch cock
(69:34 / All) TUG-ON-ME: lawl
(71:03 / All) TUG-ON-ME: yes
(71:09 / All) TUG-ON-ME: yellow are u here?
(71:16 / Allies) crosthwaite.5: yep
(71:21 / All) TUG-ON-ME: yellow ill make you an offer
(71:26 / All) TUG-ON-ME: this goes for puprle and red as well
(71:29 / Allies) crosthwaite.5: just getting rdy to make some range
(71:37 / All) TUG-ON-ME: me and pink are friends, we'll give you both equal chance to win
(71:48 / All) CoatSpin: yup
(71:50 / All) TUG-ON-ME: me and pink are going to kill all our units, including our own, and leave one building on each side
(71:57 / All) TUG-ON-ME: last person to leaves, gets the win
(72:04 / All) CoatSpin: if you want to win, just stay in the game the longest
(72:09 / All) TUG-ON-ME: basically, person with the best internet connection wins
(72:22 / All) TUG-ON-ME: does this soudn fair?
(72:40 / All) ducheb4ilik: go fuck yourself
(72:40 / All) CoatSpin: fuck it orange, come kill his bears if he doesnt want to talk
(72:44 / All) TUG-ON-ME: lawl
(73:06 / All) CoatSpin: hello tree LOL
(73:57 / All) TUG-ON-ME: ill jus tkill yellow and make him leave
(74:02 / All) CoatSpin: mk
(75:16 / All) CoatSpin: ok purp has a farm somewhere
(75:20 / All) TUG-ON-ME: bot right
(75:22 / All) TUG-ON-ME: ur choke
(75:34 / All) CoatSpin: got it
(76:13 / All) TUG-ON-ME: lets maket his a standoff
(76:20 / All) CoatSpin: yup
(76:26 / All) CoatSpin: does yellow have anything left
(76:49 / All) TUG-ON-ME: was looking for his last wisp
(76:50 / All) TUG-ON-ME: found it
(77:05 / All) CoatSpin: yellow is 0/0 now?
(77:22 / All) TUG-ON-ME: yes
(77:23 / All) CoatSpin: red has 3 heroes, currently top right side of the map
(77:25 / All) TUG-ON-ME: blue and green too
(77:28 / All) CoatSpin: and a spirit walker
(77:38 / All) TUG-ON-ME: god lawl
(77:41 / All) TUG-ON-ME: thanks for me tellign me
(77:43 / All) TUG-ON-ME: i was killing my base
(77:47 / All) TUG-ON-ME: we need them to die
(77:49 / All) CoatSpin: yeah sorry
(77:52 / All) CoatSpin: Only just noticed them
(78:04 / All) CoatSpin: hes at the goblin lab my side, not moving south
(78:23 / All) TUG-ON-ME: kill ur towers
(78:25 / All) TUG-ON-ME: so i can chase him
(78:40 / All) CoatSpin: ill get him
(78:46 / All) TUG-ON-ME: with a paladin?
(79:09 / All) CoatSpin: he cant hit me with a shield up!
(81:45 / All) TUG-ON-ME: that it lawl?
(81:47 / All) CoatSpin: just the spirit walker now
(81:55 / All) TUG-ON-ME: he have any burrows?
(81:58 / All) CoatSpin: and i cant hit it :P
(82:12 / All) ducheb4ilik: u can fuck urselves
(82:13 / All) CoatSpin: by the tavern
(82:14 / All) CoatSpin: come
(82:15 / All) TUG-ON-ME: lalw
(82:25 / All) CoatSpin: healing well my side
(82:25 / All) ducheb4ilik: lawl
(82:36 / All) ducheb4ilik: lol
(82:41 / All) ducheb4ilik: u are so fucking stupid
(82:44 / All) TUG-ON-ME: u have outsmarted
(82:46 / All) TUG-ON-ME: the dogs
(82:47 / All) TUG-ON-ME: red
(82:48 / All) crosthwaite.5: nice red
(83:00 / All) ducheb4ilik: oj, you are a pylon
(83:05 / All) CoatSpin: well whatever, just forget it
(83:05 / All) TUG-ON-ME: lawl
(83:08 / All) TUG-ON-ME: naw
(83:08 / All) ducheb4ilik: pink, u are a tool
(83:09 / All) TUG-ON-ME: im making
(83:10 / All) TUG-ON-ME: shaman
(83:12 / All) CoatSpin: he cant take out a bunch of towers with a spirit walker
(83:18 / All) TUG-ON-ME: kill my dragon
(83:19 / All) ducheb4ilik: i`m going to bed..
(83:28 / All) ducheb4ilik: have fun jerking off asswipes
(83:32 / All) TUG-ON-ME: are u going afk for the tenth time red?
(83:57 / All) CoatSpin: its got another peasant somewhere, trying to find it
(84:46 / All) crosthwaite.5: red u will have to hide by pink's towers so oj shaman cant get you
(89:38 / All) TUG-ON-ME: ah i know how to kill it
(89:46 / All) CoatSpin: devour?
(89:54 / All) TUG-ON-ME: his own medicine
(90:00 / All) TUG-ON-ME: spirit walker with lightning strike on it
(90:02 / All) CoatSpin: mana burn?
(90:36 / All) CoatSpin: ok im 5/0
(90:41 / All) TUG-ON-ME: hold up
(91:32 / All) CoatSpin: lol he moved it
(91:34 / All) CoatSpin: AFK MY ASS
(91:36 / All) CoatSpin: LIAR
(91:41 / All) TUG-ON-ME: they always say that
(91:42 / All) ducheb4ilik: dumb fuck
(91:43 / All) TUG-ON-ME: and always do that
(91:55 / All) ducheb4ilik: haha.. i just came back from the washroom
(92:07 / All) ducheb4ilik: 1 click is all it took
(92:15 / All) ducheb4ilik: i`ll come back in another 10 min..
(92:30 / All) ducheb4ilik: this is fun :D
(94:16 / All) TUG-ON-ME: lawl
(94:19 / All) CoatSpin: ok done
(94:23 / All) CoatSpin: killing my stuff now
(94:26 / All) TUG-ON-ME: same
(94:31 / All) TUG-ON-ME: good luck red and yellow
(95:24 / All) TUG-ON-ME: good luck gentlemen